 Dungeon Crawl Stone Soup version 0.23.2-1-ga50397a6bc (webtiles) character file.

Game seed: 10465734614080426791

96 NochnoyZador the Cudgeler (level 4, 0/28 HPs)
             Began as a Gargoyle Fighter on May 3, 2019.
             Slain by a worm (6 damage)
             ... on level 3 of the Dungeon.
             The game lasted 00:05:05 (1778 turns).

NochnoyZador the Cudgeler (Gargoyle Fighter)        Turns: 1778, Time: 00:05:06

Health: 0/28       AC: 10    Str: 21    XL:     4   Next: 67%
Magic:  4/4        EV:  7    Int:  8    God:
Gold:   124        SH:  9    Dex:  9    Spells: 3/3 levels left

rFire    . . .     SeeInvis .   a - +0 flail
rCold    . . .     Gourm    .   c - +0 shield
rNeg     + . .     Faith    .   b - +0 scale mail
rPois    ∞         Spirit   .   (no helmet)
rElec    +         Reflect  .   (no cloak)
rCorr    .         Harm     .   (no gloves)
MR       .....                  (no boots)
Stlth    ..........             (no amulet)
HPRegen  0.09/turn              (no ring)
MPRegen  0.09/turn              (no ring)

@: very slow
A: negative energy resistance 1, electricity resistance, unbreathing,
petrification resistance, rot immunity, AC +3
a: no special abilities


You were on level 3 of the Dungeon.
You were not hungry.

You visited 1 branch of the dungeon, and saw 3 of its levels.

You collected 124 gold pieces.

Inventory:

Hand Weapons
 a - a +0 flail (weapon)
Missiles
 g - 18 sling bullets
Armour
 b - a +0 scale mail (worn)
 c - a +0 shield (worn)
 j - a +0 buckler
Jewellery
 l - a +2 ring of evasion {unknown}
Wands
 p - a wand of random effects (12)
Scrolls
 i - 2 scrolls of identify {unknown}
 m - 2 scrolls of enchant armour {unknown}
 n - 2 scrolls of teleportation {unknown}
 o - 3 scrolls of remove curse {unknown}
Potions
 d - a potion of might
 e - a potion of mutation {unknown}
 h - a potion of berserk rage {unknown}
Comestibles
 f - 7 rations
 k - 5 chunks of flesh


   Skills:
 - Level 3.2 Fighting
 + Level 4.7 Maces & Flails
 - Level 3.2 Armour
 - Level 3.2 Shields


You had 3 spell levels left.
You didn't know any spells.
Your spell library was empty.

Dungeon Overview and Level Annotations

Branches:
Dungeon (2/15)

Altars:


Innate Abilities, Weirdness & Mutations

You are resistant to torment.
Your stone body is resilient. (AC +3)
You are immune to poison.
You resist negative energy. (rN+)
You are resistant to electric shocks. (rElec)
You can survive without breathing.
You are immune to petrification.
You are immune to rotting.


Message History

The worm splashes around in the water.
You block the giant cockroach's attack.
You closely miss the giant cockroach.
The giant cockroach is heavily wounded.
The giant cockroach bites you but does no damage.
The worm splashes around in the water.
You barely miss the giant cockroach.
The giant cockroach is heavily wounded.
The giant cockroach bites you but does no damage. x2
The worm splashes around in the water.
You hit the giant cockroach.
The giant cockroach is severely wounded.
The giant cockroach completely misses you.
The giant cockroach bites you.
* * * LOW HITPOINT WARNING * * *
Your unstable footing causes you to fumble your attack.
The giant cockroach closely misses you. You block the worm's attack.
Your unstable footing causes you to fumble your attack.
You hear the rapid rusting of a drain.
The giant cockroach barely misses you. The worm bites you.
You die...

. #........÷.##.
..#########..........##.
w........÷'..........##.
#.........#.)........<##
#.........#...........#.
#....#.#.#...........#.
######≈##.....(.().....
#≈w≈##.......(..##.
#≈@≈#..............
##s##.##.....(.####
#w#...'.......+
#≈#.###.......# #≈#
######### ≈≈≈ ≈≈≈ #≈#


You could see 2 worms and a giant cockroach.

Vanquished Creatures
  4 adders (D:3)
  A worm (D:3)
  2 dart slugs (D:3)
  6 leopard geckos
  3 orcs (D:3)
  A bat (D:3)
  2 giant cockroaches
  4 goblins
  5 hobgoblins (D:3)
  A quokka (D:3)
  A ball python (D:1)
  4 frilled lizards
  6 kobolds
  6 rats
46 creatures vanquished.

Notes
Turn   | Place    | Note
-------+----------+-------------------------------------------
     0 | D:1      | NochnoyZador the Gargoyle Fighter began the quest for the
                  | Orb.
     0 | D:1      | Reached XP level 1. HP: 14/14 MP: 1/1
   473 | D:1      | Reached XP level 2. HP: 16/19 MP: 2/2
  1096 | D:2      | Reached skill level 3 in Maces & Flails
  1178 | D:2      | You fall through a shaft!
  1200 | D:3      | Reached XP level 3. HP: 23/23 MP: 3/3
  1281 | D:3      | HP: 1/23 [adder (2)]
  1324 | D:3      | Reached skill level 4 in Maces & Flails
  1330 | D:3      | Reached XP level 4. HP: 6/28 MP: 4/4
  1778 | D:3      | Slain by a worm

Skill      XL: |  1  2  3 |
---------------+----------+-----
Maces & Flails | 3 4 |  4.7
Fighting       | |  3.2
Armour         | |  3.2
Shields        | |  3.2

Action                   |  1- 3 |  4- 6 || total
-------------------------+-------+-------++-------
Melee: Flail             |   145 |   107 ||   252
  Eat: Chunk             |     2 |     1 ||     3
Armor: Scale mail        |    76 |    56 ||   132
Dodge: Dodged            |    40 |    36 ||    76
Block: Shield            |    81 |    49 ||   130
